 Dungeon Crawl Stone Soup version 0.31-a0-986-g5e6e4ef867 (webtiles) character file.

Game seed: 17518849904904469633

25 promet the Insei (level 3, 24/24 HPs)
             Began as a Meteoran Monk on Nov 20, 2023.
             Quit the game on level 2 of the Dungeon.
             The game lasted 00:04:19 (1315 turns).

promet the Insei (Meteoran Monk)                    Turns: 1315, Time: 00:04:20

Health: 24/24      AC:  8    Str: 14    XL:     3   Next: 35%
Magic:  4/4        EV:  8    Int: 12    God:
Gold:   89         SH:  0    Dex: 16    Spells: 2/2 levels left

rFire   . .          .
                       - Unarmed
rCold   . . .        c - orb {light}
rNeg    . . .        h - +0 chain mail
rPois   .            (no helmet)
rElec   .            (no cloak)
rCorr   .            (no gloves)
SInv    .            (no boots)
Will    .....        (no amulet) Stlth
                     (no ring)
HPRegen 0.24/turn    (no ring)
MPRegen 0.09/turn

%: no passive effects
@: glowing, bezotted
A: sense surroundings 1, otherworldly, glowing, explore regen
a: no special abilities


You were on level 2 of the Dungeon.
You visited 1 branch of the dungeon, and saw 2 of its levels.

You collected 89 gold pieces.

Inventory:

Missiles
 d - 21 stones
Armour
 a - a +0 robe
 c - an orb of light (worn)
 h - a +0 chain mail (worn)
Jewellery
 i - a ring of protection from cold
Scrolls
 g - 3 scrolls of fog
Potions
 b - a potion of ambrosia
 e - a potion of might {unknown}
 f - a potion of heal wounds
 j - a potion of enlightenment {unknown}


   Skills:
 + Level 3.7 Fighting
 + Level 3.7 Dodging
 + Level 0.1 Stealth
 + Level 4.1 Unarmed Combat


You had 2 spell levels left.
You didn't know any spells.
Your spell library was empty.

Dungeon Overview and Level Annotations

Branches:
Dungeon (2/15) Zot: 88

Altars:


Innate Abilities, Weirdness & Mutations

You passively map a small area around you.
You are easily found by Zot.
You glow in the dark.
You regain HP and MP as you explore.


Message History

A frilled lizard comes into view.
The frilled lizard hisses angrily.
Found a stone staircase leading down.
The frilled lizard bites you but does no damage.
You hit the frilled lizard.
You kill the frilled lizard!
You see here a frilled lizard corpse.
Found 7 stones.
Found a moonstone ring.
d - 21 stones (gained 7)
i - a ring of protection from cold
Found 17 gold pieces.
A goblin comes into view. It is wielding a +0 club.
You hit the goblin.
The goblin is moderately wounded.
The goblin hits you but does no damage.
You barely miss the goblin.
The goblin is moderately wounded.
You hit the goblin.
The goblin is severely wounded.
The goblin hits you but does no damage.
You hit the goblin.
You kill the goblin!
Things that are here:
a +0 club; a goblin corpse You now have 89 gold pieces (gained 17).
Found a coppery potion.
j - a coppery potion You have lingered too long.
Zot senses you.
Dive deeper or flee this branch before you suffer!
A bat comes into view.
The bat barely misses you.
You hit the bat.
You kill the bat!
Found a small copper amulet.
You see here a bat corpse.
A frilled lizard comes into view.
The frilled lizard hisses angrily.
An adder comes into view.
You see here an amulet of magic regeneration.
Are you sure you want to abandon this character and quit the game? (Confirm with "yes".)

* * ##### ,, ,
#...# ###...###
, #.......###.
*
####...........
#..........l.S.
, #. #..#*#@..#
* * #.
#####..###...#
, , .##.
#........†..##
* ,.....
#.###..####.#*
, ..### * #...#
#.# , , , ....
* ###.#.....#.
# ##..
#...#...#..
,,.....#.##.. #
#.#####.... *
#.##.......
#.#...#...#.#.*
#.###..##..


You could see an adder (wandering) and a frilled lizard.

Vanquished Creatures
  An endoplasm (D:2)
  A goblin (D:2)
  5 hobgoblins (D:1)
  A quokka (D:1)
  4 ball pythons
  3 bats
  2 frilled lizards
  4 kobolds
  3 rats (D:1)
24 creatures vanquished.

Notes
Turn   | Place    | Note
-------+----------+-------------------------------------------
     0 | D:1      | promet the Meteoran Monk began the quest for the Orb.
     0 | D:1      | Reached XP level 1. HP: 19/19 MP: 2/2
    87 | D:1      | Reached XP level 2. HP: 13/26 MP: 3/3
   502 | D:1      | Glimpsed the power of Zot.
   691 | D:1      | Found a faded altar of an unknown god.
   699 | D:1      | Reached skill level 4 in Unarmed Combat
   985 | D:1      | Reached XP level 3. HP: 31/31 MP: 4/4
  1103 | D:1      | Glimpsed the power of Zot.
  1152 | D:2      | Glimpsed the power of Zot.
  1192 | D:2      | Glimpsed the power of Zot.
  1202 | D:2      | Touched by the power of Zot (MHP 33 -> 25)
  1303 | D:2      | Glimpsed the power of Zot.
  1315 | D:2      | Quit the game

Illustrated notes

Levels and vault maps discovered:
D:1:      amcnicky_arrival_feature_with_door, layout_loops_ring,
          shapermc_ecumenical_altar_mp_highgroup, minmay_split_cup_small
D:2:      layout_loops_ring

Skill      XL: |  1  2 |
---------------+-------+-----
Unarmed Combat | 4 |  4.1
Fighting       | |  3.7
Dodging        | |  3.7
Stealth        | |  0.1

Action                     || total
---------------------------++-------
  Melee: Unarmed           ||    53
    Use: Scroll            ||     6
 Armour: Robe              ||    27
         Chain mail        ||     4
  Dodge: Dodged            ||    23

Table legend: (Time is in decaauts)
 A = Elapsed time spent in this place.
 B = Non-inter-level travel time spent in this place.
 C = Inter-level travel time spent in this place.
 D = Time resting spent in this place.
 E = Time spent auto-exploring this place.
 F = Levels seen in this place.
 G = Mean time per level.
                   A        B        C        D        E       F      G
               +--------+--------+--------+--------+--------+-----+--------+
         Total |   1311 |   1279 |     32 |    462 |    399 |   2 |  655.5 |
       Dungeon |   1311 |   1279 |     32 |    462 |    399 |   2 |  655.5 |
               +--------+--------+--------+--------+--------+-----+--------+

Top non-repeatable levels by time:
     D:1: 1103 daAuts
     D:2: 208 daAuts
